 Dungeon Crawl Stone Soup version 0.31-a0-496-g6f97920a28 (webtiles) character file.

Game seed: 13680685620148242024

106 javelincjr the Changeling (level 4, 0/42 HPs)
             Began as a Troll Shapeshifter on Aug 8, 2023.
             Slain by a black bear (2 damage)
             ... on level 4 of the Dungeon.
             The game lasted 00:07:04 (1496 turns).

javelincjr the Changeling (Troll Shapeshifter)      Turns: 1496, Time: 00:07:04

Health: 0/42       AC:  4    Str: 25    XL:     4   Next: 55%
Magic:  3/3        EV: 10    Int:  4    God:
Gold:   144        SH:  0    Dex: 10    Spells: 3/3 levels left

rFire   . . .        q - +3 dagger
rCold   . . .        (no shield)
rNeg    . . .        a - +0 animal skin
rPois   .            (helmet currently unavailable)
rElec   .            h - melded scarf {rC+ rF+}
rCorr   .            (gloves unavailable)
SInv    .            (boots unavailable)
Will    .....        (no amulet)
Stlth   +            (no ring)
HPRegen 1.07/turn    (no ring)
MPRegen 0.08/turn

%: no passive effects
@: beast-form
A: beast (slay +2), large, unfitting armour, claws 3, regeneration 1, shaggy fur
1, tough skin 1
a: Begin Untransformation


You were on level 4 of the Dungeon.
You were a hulking beast.
You visited 1 branch of the dungeon, and saw 4 of its levels.

You collected 144 gold pieces.

Inventory:

Hand Weapons
 q - a +3 dagger (weapon)
Missiles
 p - 4 poisoned darts
Armour
 a - a +0 animal skin (worn)
 h - a scarf of resistance (melded)
Talismans
 c - a beast talisman (active)
 d - a flux talisman
Wands
 l - a wand of roots (8)
Scrolls
 e - 2 scrolls of identify {unknown}
 f - 2 scrolls of fog {unknown}
 j - a scroll of enchant weapon {unknown}
 k - a scroll of immolation {unknown}
 m - a scroll of blinking {unknown}
 n - a scroll of noise {unknown}
Potions
 b - a potion of lignification
 g - 3 potions of heal wounds {unknown}
 i - a potion of mutation {unknown}
 o - a potion of brilliance {unknown}


   Skills:
 + Level 1.7 Fighting
 + Level 2.3 Dodging
 + Level 3.6 Unarmed Combat
 * Level 3.7 Shapeshifting


You had 3 spell levels left.
You didn't know any spells.
Your spell library contained the following spells:

 Spells                   Type           Power      Damage    Failure   Level
 Poisonous Vapours        Pois/Air       0%         N/A       65%         2
 Hailstorm                Conj/Ice       0%         3d3       86%         3
 Mephitic Cloud           Conj/Pois/Air  0%         N/A       86%         3
 Tukima's Dance           Hex            0%         N/A       86%         3
 Passage of Golubria      Tloc           0%         N/A       99%         4
 Summon Ice Beast         Ice/Summ       0%         N/A       99%         4
 Freezing Cloud           Conj/Ice/Air   0%         6-21      100%        5
 Yara's Violent Unravell  Hex/Tmut       0%         3d3       100%        5
 Simulacrum               Ice/Necr       0%         N/A       100%        6


Dungeon Overview and Level Annotations

Branches:
Dungeon (4/15)
 Temple: D:4-7

Altars:
Elyvilon
Gozag
Hepliaklqana
Ru
Sif Muna
Uskayaw
Xom


Innate Abilities, Weirdness & Mutations

You are a hulking beast.
Your limbs bulge with bestial killing power. (Slay +2)
You are too large for most types of armour.
You have claws for hands.
Your natural rate of healing is unusually fast.
You are covered in fur. (AC +1)
You have tough skin. (AC +1)


Message History

You hit something.
You hear some strange, mumbled words.
A magic dart appears from out of thin air!
The magic dart hits you.
You miss something. Something hits you but does no damage.
You closely miss something. Something hits you but does no damage.
You hit something. Your claw misses something. Something hits you.
You hit something. Something hits you but does no damage.
You miss something. You hit the black bear.
The black bear is lightly wounded.
You barely miss the black bear.
The black bear is lightly wounded.
The black bear barely misses you.
The black bear claws you but does no damage. x2
You hit the black bear.
The black bear is moderately wounded.
The black bear bites you.
The black bear claws you but does no damage.
The black bear closely misses you.
You barely miss the black bear. You claw the black bear!
The black bear is severely wounded.
The black bear goes berserk!
You hit the black bear.
The black bear is almost dead.
The black bear bites you but does no damage.
The black bear claws you. x2
You hit the black bear.
The black bear is almost dead.
The black bear bites you! The black bear completely misses you.
The black bear claws you but does no damage.
The black bear bites you. The black bear barely misses you.
The black bear claws you.
* * * LOW HITPOINT WARNING * * *
You hit the black bear.
The black bear is almost dead.
The black bear bites you!
* * * LOW HITPOINT WARNING * * *
The black bear barely misses you. The black bear claws you.
You die...

# #+#####.#
# #.......#
#.#...o...
#.#..o.####.
#...........
###)#######.
#o####.#
#g{hh<.#
######.# #.#
#.# #.# #.#
#.# #.#


You could see a black bear (berserk), an orc and a hobgoblin.

Vanquished Creatures
  Robin (D:3)
  3 adders (D:2)
  3 worms
  2 dart slugs (D:2)
  An orc (D:4)
  An endoplasm (D:3)
  16 goblins
  3 hobgoblins
  3 jackals (D:2)
  A quokka (D:3)
  7 ball pythons
  4 bats
  2 frilled lizards
  3 kobolds (D:2)
  6 rats
56 creatures vanquished.

Notes
Turn   | Place    | Note
-------+----------+-------------------------------------------
     0 | D:1      | javelincjr the Troll Shapeshifter began the quest for the
                  | Orb.
     0 | D:1      | Reached XP level 1. HP: 18/18 MP: 0/0
   101 | D:1      | Reached skill level 1 in Fighting
   220 | D:1      | Reached XP level 2. HP: 27/27 MP: 1/1
   221 | D:1      | You fall into a shaft and drop 1 floor!
   221 | D:2      | Found a hide-covered altar of Uskayaw.
   350 | D:2      | Reached XP level 3. HP: 18/33 MP: 2/2
   727 | D:3      | Noticed Robin
   809 | D:3      | Reached XP level 4. HP: 41/41 MP: 3/3
   959 | D:3      | Found a hazy altar of Hepliaklqana.
   959 | D:3      | Found a sacrificial altar of Ru.
   960 | D:3      | Found an opulent altar of Gozag.
  1198 | D:3      | Killed Robin
  1361 | D:3      | Found a shimmering altar of Xom.
  1364 | D:3      | Found a shimmering altar of Xom.
  1364 | D:3      | Found a white marble altar of Elyvilon.
  1366 | D:3      | Found a white marble altar of Elyvilon.
  1366 | D:3      | Found a hazy altar of Hepliaklqana.
  1366 | D:3      | Found a shimmering blue altar of Sif Muna.
  1464 | D:4      | Noticed a black bear
  1496 | D:4      | HP: 2/42 [black bear (9)]
  1496 | D:4      | Slain by a black bear

Illustrated notes

Levels and vault maps discovered:
D:1:      dpeg_arrival_rooms_with_view, layout_rooms, st_stairs_12,
          chequers_serial_rivers_small_a
D:2:      layout_rooms, basic_altar, skrybe_limestone_x
D:3:      layout_loops_ring, doesnt_xom_only_xom,
          gammafunk_temple_overflow_claw, uniq_robin
D:4:      layout_basic, trog_book, nicolae_qazlal_general_emergency,
          temple_pool_b

Skill      XL: |  1  2 |
---------------+-------+-----
Fighting       | 1 |  1.7
Dodging        | 2 |  2.3
Unarmed Combat | |  3.6
Shapeshifting  | |  3.7

Action                     |  1- 3 |  4- 6 || total
---------------------------+-------+-------++-------
  Melee: Unarmed           |    66 |       ||    66
         Dagger            |     6 |    71 ||    77
         Punch             |       |     4 ||     4
Ability: Begin Untransform |     1 |       ||     1
 Armour: Animal skin       |    25 |    23 ||    48
  Dodge: Dodged            |    39 |    32 ||    71
   Form: Beast             |     1 |       ||     1

Table legend: (Time is in decaauts)
 A = Elapsed time spent in this place.
 B = Non-inter-level travel time spent in this place.
 C = Inter-level travel time spent in this place.
 D = Time resting spent in this place.
 E = Time spent auto-exploring this place.
 F = Levels seen in this place.
 G = Mean time per level.
                   A        B        C        D        E       F      G
               +--------+--------+--------+--------+--------+-----+--------+
         Total |   1491 |   1381 |    110 |      0 |    943 |   4 |  372.8 |
       Dungeon |   1491 |   1381 |    110 |      0 |    943 |   4 |  372.8 |
               +--------+--------+--------+--------+--------+-----+--------+

Top non-repeatable levels by time:
     D:3: 698 daAuts
     D:2: 533 daAuts
     D:1: 220 daAuts
     D:4: 39 daAuts
